 Dungeon Crawl Stone Soup version 0.31-a0-995-g04711c9635 (webtiles) character file.

Game seed: 6072872372397351129

63 Dirtsage the Trooper (level 3, 0/29 HPs)
             Began as a Demonspawn Berserker on Nov 6, 2023.
             Was a Believer of Trog.
             Constricted to death by Ijyb (3 damage)
             ... on level 3 of the Dungeon.
             The game lasted 00:02:17 (1477 turns).

Dirtsage the Trooper (Demonspawn Berserker)         Turns: 1477, Time: 00:02:18

Health: 0/29       AC:  4    Str: 19    XL:     3   Next: 87%
Magic:  3/3        EV:  9    Int:  8    God:    Trog [**....]
Gold:   98         SH:  0    Dex: 12    Spells: 2/2 levels left

rFire   . . .        a - +0 hand axe
rCold   . . .        (no shield)
rNeg    . . .        b - +0 animal skin
rPois   .            (no helmet)
rElec   .            (no cloak)
rCorr   .            g - +0 pair of gloves
SInv    .            (no boots)
Will    .....        (no amulet)
Stlth   +            (no ring)
HPRegen 0.24/turn    (no ring)
MPRegen 0.08/turn

%: no passive effects
@: grasped by roots, constricted
A: sharp scales 1
a: Renounce Religion, Berserk, Trog's Hand


You were on level 3 of the Dungeon.
You worshipped Trog.
Trog was pleased with you.
You visited 1 branch of the dungeon, and saw 3 of its levels.

You collected 98 gold pieces.

Inventory:

Hand Weapons
 a - a +0 hand axe (weapon)
Armour
 b - a +0 animal skin (worn)
 g - a +0 pair of gloves (worn)
Wands
 f - a wand of paralysis (8)
Scrolls
 e - 4 scrolls of identify {unknown}
 h - a scroll of immolation {unknown}
 i - a scroll of blinking {unknown}
 j - a scroll of poison {unknown}
 k - 2 scrolls of noise {unknown}
 m - a scroll of revelation {unknown}
 n - a scroll of enchant armour {unknown}
Potions
 c - 2 potions of brilliance {unknown}
 d - 3 potions of curing {unknown}
 l - a potion of invisibility {unknown}


   Skills:
 + Level 3.4 Fighting
 + Level 3.2 Axes
 + Level 2.4 Armour
 + Level 2.4 Dodging


You had 2 spell levels left.
You didn't know any spells.
Your spell library contained the following spells:

 Spells                   Type           Power      Damage    Failure   Level
 Foxfire                  Conj/Fire      0%         2x1d4     41%         1
 Magic Dart               Conj           0%         1d3       41%         1
 Sandblast                Erth           0%         2d4       41%         1
 Summon Small Mammal      Summ           0%         N/A       41%         1
 Call Canine Familiar     Summ           0%         N/A       78%         3
 Summon Guardian Golem    Hex/Summ       0%         N/A       78%         3


Dungeon Overview and Level Annotations

Branches:
Dungeon (3/15)

Altars:

Annotations:
D:3 Ijyb


Innate Abilities, Weirdness & Mutations

You are partially covered in razor-sharp scales. (AC +1, Slay +1)


Message History

You climb downwards.
There is a stone staircase leading up here.
Ijyb the Twisted Goblin comes into view.
She is wielding a +0 dagger and carrying a wand of roots.
Ijyb shouts!
Ijyb zaps a wand.
The roots erupt in riotous growth!
The grasping roots grab you! The grasping roots constrict you.
You take 2 damage, and have 27/29 hp.
You escape the roots grasp.
You hit Ijyb but do no damage. Ijyb closely misses you.
You hit Ijyb but do no damage.
Ijyb zaps a wand.
The roots erupt in riotous growth!
The grasping roots grab you!
Ijyb is unaffected.
The grasping roots constrict you.
You take 3 damage, and have 25/29 hp.
You hit Ijyb but do no damage. Ijyb hits you with a +0 dagger.
The grasping roots constrict you!
You take 9 damage, and have 16/29 hp.
MASSIVE DAMAGE!!
You are too injured to fight recklessly!
You hit Ijyb but do no damage. Ijyb barely misses you.
The grasping roots constrict you!
You take 7 damage, and have 9/29 hp.
MASSIVE DAMAGE!!
You hit Ijyb.
Ijyb is lightly wounded.
Ijyb hits you with a +0 dagger.
* * * LOW HITPOINT WARNING * * *
The grasping roots constrict you.
* * * LOW HITPOINT WARNING * * *
The grasping roots release their grip on you.
You take 6 damage, and have 3/29 hp.
MASSIVE DAMAGE!!
You barely miss Ijyb.
Ijyb is lightly wounded.
Ijyb barely misses you.
You barely miss Ijyb.
Ijyb is lightly wounded.
Ijyb screams, "Me stronger than you!"
Ijyb zaps a wand.
The roots erupt in riotous growth!
The grasping roots grab you!
Ijyb is unaffected.
The grasping roots constrict you.
You die...

### ..# #.# ...
#.# #.#
#g##########
#@##.......#
#.##.####.##
#.##.#.##.#
#....#....#
..########.####
.......<.#.#
.......)...#
≈≈.##...#### #
#..##


You could see Ijyb.

Vanquished Creatures
  An adder (D:2)
  2 dart slugs
  5 endoplasms
  2 giant cockroaches (D:1)
  8 goblins
  6 hobgoblins
  2 kobolds (D:1)
  3 quokkas
  4 ball pythons (D:2)
  6 bats
  2 frilled lizards
  4 rats
45 creatures vanquished.

Notes
Turn   | Place    | Note
-------+----------+-------------------------------------------
     0 | D:1      | Dirtsage the Demonspawn Berserker began the quest for the
                  | Orb.
     0 | D:1      | Reached XP level 1. HP: 18/18 MP: 1/1
   154 | D:1      | Got Starting Gnosis
   276 | D:1      | Gained mutation: You are partially covered in razor-sharp
                  | scales. (AC +1, Slay +1) [demonic ancestry]
   276 | D:1      | Reached XP level 2. HP: 24/24 MP: 2/2
   410 | D:1      | Reached ** piety under Trog
   419 | D:1      | Reached XP level 3. HP: 13/29 MP: 3/3
  1467 | D:3      | Noticed Ijyb
  1477 | D:3      | Constricted to death by Ijyb

Illustrated notes

Levels and vault maps discovered:
D:1:      saegor_arrival_simple_b, layout_basic
D:2:      layout_rooms
D:3:      minmay_bubble_buster, layout_basic, lightli_temple_of_fire,
          dreamdust_princess_corridor, serial_bayou_lagoon_a, uniq_ijyb

Skill      XL: |  1  2 |
---------------+-------+-----
Armour         | 2 |  2.4
Dodging        | 2 |  2.4
Axes           | 3 |  3.2
Fighting       | |  3.4

Action                     || total
---------------------------++-------
  Melee: Hand axe          ||   116
   Stab: Sleeping          ||     2
 Armour: Animal skin       ||    71
  Dodge: Dodged            ||    86

Table legend: (Time is in decaauts)
 A = Elapsed time spent in this place.
 B = Non-inter-level travel time spent in this place.
 C = Inter-level travel time spent in this place.
 D = Time resting spent in this place.
 E = Time spent auto-exploring this place.
 F = Levels seen in this place.
 G = Mean time per level.
                   A        B        C        D        E       F      G
               +--------+--------+--------+--------+--------+-----+--------+
         Total |   1494 |   1393 |    101 |      0 |   1116 |   3 |  498.0 |
       Dungeon |   1494 |   1393 |    101 |      0 |   1116 |   3 |  498.0 |
               +--------+--------+--------+--------+--------+-----+--------+

Top non-repeatable levels by time:
     D:1: 879 daAuts
     D:2: 584 daAuts
     D:3: 30 daAuts
